 Dungeon Crawl Stone Soup version 0.28.0-43-g3370ac3207 (webtiles) character file.

Game seed: 7924009925847204160

91 DungeonDestroyer the Shield-Bearer (level 4, -1/41 HPs)
             Began as a Gnoll Fighter on Mar 18, 2022.
             Was a Believer of Nemelex Xobeh.
             Killed by nerve-wracking pain
             ... invoked by an orc priest
              (11 damage)
             ... on level 3 of the Dungeon on Mar 19, 2022.
             The game lasted 00:05:47 (2058 turns).

DungeonDestroyer the Shield-Bearer (Gnoll Fighter)  Turns: 2058, Time: 00:05:47

Health: -1/41      AC:  9    Str: 15    XL:     4   Next: 57%
Magic:  5/5        EV:  9    Int:  7    God:    Nemelex Xobeh [**....]
Gold:   36         SH:  6    Dex: 14    Spells: 5/5 levels left

rFire   . . .      SeeInvis .   a - +0 long sword
rCold   + . .      Faith    .   c - +0 buckler
rNeg    . . .      Spirit   .   b - +0 scale mail
rPois   .          Reflect  .   (helmet restricted)
rElec   .          Harm     .   g - scarf {+Inv}
rCorr   .          Rampage  .   (no gloves)
Will    .....      Clarity  +   l - +0 pair of boots
Stlth   ..........              (no amulet)
HPRegen 0.13/turn               (no ring)
MPRegen 0.09/turn               (no ring)

@: no status effects
A: fangs 1, strong nose, distributed training, horns 1, clarity, cold resistance
1
a: Renounce Religion, Evoke Invisibility, Draw Escape, Draw Destruction, Draw
Summoning


You were on level 3 of the Dungeon.
You worshipped Nemelex Xobeh.
Nemelex Xobeh was pleased with you.
You visited 1 branch of the dungeon, and saw 3 of its levels.

You collected 36 gold pieces.

Inventory:

Hand Weapons
 a - a +0 long sword (weapon)
Missiles
 e - 55 stones (quivered)
 f - 26 arrows
 j - 2 poisoned darts
Armour
 b - a +0 scale mail (worn)
 c - a +0 buckler (worn)
 g - a scarf of invisibility (worn)
 l - a +0 pair of boots (worn)
Magical Staves
 k - a staff of death
Potions
 d - a potion of might
 h - 2 potions of heal wounds


   Skills:
 + Level 6.6 Fighting
 + Level 1.2 Short Blades
 + Level 4.6 Long Blades
 + Level 1.2 Axes
 + Level 1.2 Maces & Flails
 + Level 1.2 Polearms
 + Level 1.2 Staves
 + Level 1.2 Slings
 + Level 1.2 Bows
 + Level 1.2 Crossbows
 + Level 1.2 Throwing
 + Level 6.6 Armour
 + Level 1.2 Dodging
 + Level 1.2 Stealth
 + Level 6.6 Shields
 + Level 1.2 Unarmed Combat
 + Level 1.2 Spellcasting
 + Level 1.0 Conjurations
 + Level 1.0 Hexes
 + Level 1.0 Summonings
 + Level 1.0 Necromancy
 + Level 1.0 Translocations
 + Level 1.0 Transmutations
 + Level 1.0 Fire Magic
 + Level 1.0 Ice Magic
 + Level 1.0 Air Magic
 + Level 1.0 Earth Magic
 + Level 1.0 Poison Magic
 + Level 1.3 Invocations
 + Level 1.2 Evocations


You had 5 spell levels left.
You didn't know any spells.
Your spell library was empty.

Dungeon Overview and Level Annotations

Branches:
Dungeon (3/15)

Altars:
Nemelex Xobeh


Innate Abilities, Weirdness & Mutations

You have very sharp teeth.
Your uncanny sense of smell can sniff out nearby items.
Your experience applies equally to all skills.
You have a pair of small horns on your head.
You possess an exceptional clarity of mind.
Your flesh is cold resistant. (rC+)


Message History

The goblin hits you but does no damage.
You slash the goblin!
You kill the goblin!
You completely miss the hobgoblin. The hobgoblin closely misses you.
The hobgoblin hits you but does no damage.
A hobgoblin is nearby!
You slash the hobgoblin!
You kill the hobgoblin!
An orc priest comes into view.
It is wielding a +2 hand axe of electrocution.
The orc priest shouts!
You see here a +0 dagger.
The goblin shouts!
You hear a shout!
A howler monkey zombie comes into view.
Things that are here:
a +0 club; a +0 club
There are monsters nearby!
You see here a +0 dagger.
Things that are here:
a +0 dagger; a +0 club; a goblin corpse
Items here: )) [[.
You draw a card...
You have drawn Wild Magic.
The orc priest's body twists and writhes.
The orc priest twists and deforms.
You feel a surge of magic. You block the orc priest's attack.
Things that are here:
a +0 dagger; a +0 club; a goblin corpse You draw a card...
You have drawn Wild Magic.
The orc priest twitches violently.
The orc priest is drained!
The goblin is caught in an explosion of electrical discharges.
You feel a surge of magic. The orc priest closely misses you.
You barely miss the orc priest.
The orc priest is moderately wounded.
The orc priest hits you but does no damage.
Unknown command.
You barely miss the orc priest.
The orc priest is moderately wounded.
The orc priest invokes the aid of Beogh against you.
Pain shoots through your body!
You die...
Your body disappears without a glow.

#.......#
#.......###
#..>?...!.. ∆
#.......# #..†....#
#.......###
.##.#†#........
....)..<###########
..###.#go@)$))..).#
###)########.## #..
.o.. .#)..# #.#....
# #....g #...#Z.


You could see an orc priest (misshapen, drained) and a goblin.

Vanquished Creatures
  Robin (D:3)
  2 adders
  2 dart slugs (D:1)
  4 orcs
  2 ball pythons
  An endoplasm (D:2)
  14 goblins
  3 hobgoblins
  3 kobolds (D:1)
  A quokka (D:1)
  6 bats
  6 frilled lizards
  8 rats
53 creatures vanquished.

Notes
Turn   | Place    | Note
-------+----------+-------------------------------------------
     0 | D:1      | DungeonDestroyer the Gnoll Fighter began the quest for the
                  | Orb.
     0 | D:1      | Reached XP level 1. HP: 23/23 MP: 1/1
   159 | D:1      | Reached XP level 2. HP: 29/29 MP: 2/2
   196 | D:1      | Found a faded altar of an unknown god.
   204 | D:1      | Prayed at the altar of an unknown god.
   204 | D:1      | Became a worshipper of Nemelex Xobeh the Trickster
   204 | D:1      | Reached * piety under Nemelex Xobeh
   243 | D:1      | Received a gift from Nemelex Xobeh
   330 | D:1      | Gained mutation: You possess an exceptional clarity of
                  | mind. [potion of mutation]
   330 | D:1      | Gained mutation: You have a pair of small horns on your
                  | head. [potion of mutation]
   330 | D:1      | Gained mutation: Your flesh is cold resistant. (rC+)
                  | [potion of mutation]
   372 | D:1      | You fall into a shaft and drop 1 floor!
   388 | D:2      | Reached XP level 3. HP: 33/35 MP: 3/3
   876 | D:1      | Reached ** piety under Nemelex Xobeh
  1326 | D:2      | Reached skill level 1 in Invocations
  1980 | D:3      | Reached skill level 1 in Short Blades
  1980 | D:3      | Reached skill level 1 in Axes
  1980 | D:3      | Reached skill level 1 in Maces & Flails
  1980 | D:3      | Reached skill level 1 in Polearms
  1980 | D:3      | Reached skill level 1 in Staves
  1980 | D:3      | Reached skill level 1 in Slings
  1980 | D:3      | Reached skill level 1 in Bows
  1980 | D:3      | Reached skill level 1 in Crossbows
  1980 | D:3      | Reached skill level 1 in Throwing
  1980 | D:3      | Reached skill level 1 in Dodging
  1980 | D:3      | Reached skill level 1 in Stealth
  1980 | D:3      | Reached skill level 1 in Unarmed Combat
  1980 | D:3      | Reached skill level 1 in Spellcasting
  1980 | D:3      | Reached skill level 1 in Evocations
  1983 | D:3      | Reached XP level 4. HP: 24/41 MP: 5/5
  1986 | D:3      | Noticed Robin
  2009 | D:3      | Killed Robin
  2033 | D:3      | Reached skill level 1 in Conjurations
  2033 | D:3      | Reached skill level 1 in Hexes
  2033 | D:3      | Reached skill level 1 in Summonings
  2033 | D:3      | Reached skill level 1 in Necromancy
  2033 | D:3      | Reached skill level 1 in Translocations
  2033 | D:3      | Reached skill level 1 in Transmutations
  2033 | D:3      | Reached skill level 1 in Fire Magic
  2033 | D:3      | Reached skill level 1 in Ice Magic
  2033 | D:3      | Reached skill level 1 in Air Magic
  2033 | D:3      | Reached skill level 1 in Earth Magic
  2033 | D:3      | Reached skill level 1 in Poison Magic
  2058 | D:3      | Killed from afar by an orc priest

Illustrated notes

Levels and vault maps discovered:
D:1:      nicolae_arrival_memento_mori, layout_basic,
          shapermc_ecumenical_altar_notcrosses
D:2:      layout_loops_ring
D:3:      layout_basic, uniq_robin, uniq_jessica

Skill      XL: |  1  2  3  4 |
---------------+-------------+-----
Invocations    | 1 |  1.3
Short Blades   | 1 |  1.2
Axes           | 1 |  1.2
Maces & Flails | 1 |  1.2
Polearms       | 1 |  1.2
Staves         | 1 |  1.2
Slings         | 1 |  1.2
Bows           | 1 |  1.2
Crossbows      | 1 |  1.2
Throwing       | 1 |  1.2
Dodging        | 1 |  1.2
Stealth        | 1 |  1.2
Unarmed Combat | 1 |  1.2
Spellcasting   | 1 |  1.2
Evocations     | 1 |  1.2
Conjurations   | 1 |  1.0
Hexes          | 1 |  1.0
Summonings     | 1 |  1.0
Necromancy     | 1 |  1.0
Translocations | 1 |  1.0
Transmutations | 1 |  1.0
Fire Magic     | 1 |  1.0
Ice Magic      | 1 |  1.0
Air Magic      | 1 |  1.0
Earth Magic    | 1 |  1.0
Poison Magic   | 1 |  1.0
Fighting       | |  6.6
Long Blades    | |  4.6
Armour         | |  6.6
Shields        | |  6.6

Action                   |  1- 3 |  4- 6 || total
-------------------------+-------+-------++-------
Melee: Long sword        |    69 |    27 ||    96
       Headbutt          |     3 |     5 ||     8
       Bite              |     3 |       ||     3
Invok: Draw Destruction  |     3 |     2 ||     5
  Use: Potion            |     5 |       ||     5
       Scroll            |     3 |       ||     3
Armor: Scale mail        |    21 |    14 ||    35
Dodge: Dodged            |    31 |     4 ||    35
Block: Buckler           |    29 |     5 ||    34
